 Dungeon Crawl Stone Soup version 0.25-a0-942-g87a53962fc (webtiles) character file.

Game seed: 16269736636948975478, levelgen mode: deterministic

3721 Flugslaktarn the Cleaver (level 9, -7/82 HPs)
             Began as a Minotaur Fighter on May 7, 2020.
             Was a Priest of Ru.
             Killed from afar by an orc sorcerer (15 damage)
             ... with a bolt of fire
             ... while paralysed by an orc sorcerer
             ... on level 8 of the Dungeon.
             The game lasted 00:04:35 (7426 turns).

Flugslaktarn the Cleaver (Minotaur Fighter)         Turns: 7426, Time: 00:04:35

Health: -7/82      AC:  6    Str: 23    XL:     9   Next: 92%
Magic:  8/8        EV:  2    Int:  5    God:    Ru [***...]
Gold:   0          SH:  0    Dex: 11    Spells: 8/8 levels left

rFire    . . .     SeeInvis .   a - +1 war axe
rCold    . . .     Gourm    .   c - +0 kite shield
rNeg     . . .     Faith    .   g - +0 chain mail
rPois    +         Spirit   .   f - +2 hat
rElec    .         Reflect  .   i - +2 cloak
rCorr    .         Harm     .   j - +2 pair of gloves
MR       .....                  (no boots)
Stlth    ..........             (no amulet)
HPRegen  0.23/turn              o - ring of poison resistance
MPRegen  0.11/turn              p - +3 ring of protection

@: paralysed, lethally poisoned (-7 -> -17), exhausted, about to teleport,
weakened, corroded, heavily drained
A: retaliatory headbutt, horns 2, no stealth, inability to use devices
a: Draw Out Power, Renounce Religion


You were on level 8 of the Dungeon.
You worshipped Ru.
Ru was most pleased with you.
You were not hungry.

You visited 1 branch of the dungeon, and saw 8 of its levels.

Inventory:

Hand Weapons
 a - a +1 war axe (weapon)
Missiles
 b - a throwing net (quivered)
Armour
 c - a +0 kite shield (worn)
 f - a +2 hat (worn)
   (You found it on level 1 of the Dungeon)
 g - a +0 chain mail (worn)
   (You found it on level 1 of the Dungeon)
 i - a +2 cloak (worn)
   (You found it on level 2 of the Dungeon)
 j - a +2 pair of gloves (worn)
   (You found it on level 2 of the Dungeon)
Jewellery
 o - a ring of poison resistance (left hand)
   (You found it on level 1 of the Dungeon)
 p - a +3 ring of protection (right hand)
   (You found it on level 2 of the Dungeon)
 A - an uncursed ring of fire
   (You found it on level 7 of the Dungeon)
Scrolls
 m - a scroll of magic mapping
 r - a scroll of identify
 t - 2 scrolls of teleportation
 u - a scroll of random uselessness {unknown}
 v - 2 scrolls of enchant armour
 x - 6 scrolls of remove curse
Potions
 d - a potion of might
 h - 4 potions of haste
 k - a potion of lignification
 n - a potion of resistance
 q - a potion of magic {unknown}
 s - 2 potions of brilliance {unknown}
 w - 2 potions of heal wounds
 z - a potion of berserk rage {unknown}
 C - a potion of cancellation {unknown}
Comestibles
 e - 14 rations


   Skills:
 + Level 8.4(6.8) Fighting
 * Level 11.0(9.2) Axes
 + Level 8.5(6.8) Armour
 + Level 8.5(6.8) Shields


You had 8 spell levels left.
You didn't know any spells.
Your spell library was empty.

Dungeon Overview and Level Annotations

Branches:
Dungeon (8/15)             Temple (0/1) D:4
   Lair: D:8-11

Altars:
Ashenzari
Ru
Sif Muna
Trog
Yredelemnul

Shops:
D:7 =

Annotations:
D:8 Maurice


Innate Abilities, Weirdness & Mutations

You reflexively headbutt those who attack you in melee.
You have a pair of horns on your head.
You cannot be stealthy.
You cannot study or use magical devices.


Message History

You hit the orange demon but do no damage.
You feel sick.
The wizard mumbles some strange words.
The wizard blinks!
You block the orange demon's attack. The orange demon hits you.
* * * LOW HITPOINT WARNING * * *
The orc sorcerer casts a spell at you.
You suddenly lose the ability to move!
The hellwing hits you.
* * * LOW HITPOINT WARNING * * *
The hellwing hits you.
* * * LOW HITPOINT WARNING * * *
The rust devil hits you.
* * * LOW HITPOINT WARNING * * *
The rust devil corrodes you!
* * * LOW HITPOINT WARNING * * *
You feel sick.
The orc sorcerer shouts, "You can't withstand my power!"
The orc sorcerer casts a spell at you. The bolt of fire hits you!
You die...

#..[..<#...## ...#
####.#.#..#...# #..#
..........#...###
#..#
##.#.......p....
##.###..#
#...._.........
.........
###.....###.#.#
#######.# #...$.#
#.#.# ##.#
#.##..###ยง#.#######
#..#
#......##@4.....[.#
#.##
#...)[).4o4.#####.#
#.# #...))..###.##
#.# #.#
.......).......# #.#
#.#
.............##.#
#.# #.#
####..(.........#
#.#####.#
##.......#>#.#
#.......#
.......##.#.#
######### #.##....#
#.#


You could see an orange demon, a hellwing, a rust devil, a wizard and an orc
sorcerer.

Vanquished Creatures
  Harold (D:7)
  Prince Ribbit (D:7)
  A steam dragon (D:8)
  A hungry ghost (D:8)
  A sky beast (D:7)
  An ice beast (D:7)
  A phantom (D:6)
  An orc warrior (D:8)
  An ogre (D:8)
  6 centaurs
  2 bullfrogs
  2 scorpions
  7 wights (D:6)
  2 howler monkeys
  A bullfrog zombie (D:5)
  3 hounds
  2 quasits
  A centaur skeleton (D:8)
  A jelly (D:6)
  5 orc priests
  8 orc wizards
  2 iguanas
  5 worker ants
  2 hound skeletons
  A worker ant zombie (D:8)
  11 adders
  3 adder skeletons
  3 worms
  2 dart slugs
  4 leopard geckos
  43 orcs
  8 bats
  8 giant cockroaches
  12 goblins
  5 hobgoblins
  7 jackals (D:3)
  2 quokkas
  3 ball pythons
  3 frilled lizards
  A jackal zombie (D:5)
  3 kobolds
  A leopard gecko skeleton (D:6)
  A quokka zombie (D:6)
  13 rats
192 creatures vanquished.

Vanquished Creatures (others)
  A scorpion (D:6)
  An orc wizard (D:4)
2 creatures vanquished.

Grand Total: 194 creatures vanquished

Notes
Turn   | Place    | Note
-------+----------+-------------------------------------------
     0 | D:1      | Flugslaktarn the Minotaur Fighter began the quest for the
                  | Orb.
     0 | D:1      | Reached XP level 1. HP: 19/19 MP: 0/0
    67 | D:1      | Reached XP level 2. HP: 27/27 MP: 1/1
   230 | D:1      | Reached skill level 3 in Axes
   470 | D:1      | Reached XP level 3. HP: 33/33 MP: 2/2
  1263 | D:2      | Reached XP level 4. HP: 40/40 MP: 3/3
  1368 | D:2      | Reached skill level 4 in Axes
  1517 | D:2      | Found a sacrificial altar of Ru.
  1800 | D:3      | Found a basalt altar of Yredelemnul.
  1955 | D:3      | Reached XP level 5. HP: 45/47 MP: 4/4
  2307 | D:3      | Found a bloodstained altar of Trog.
  2423 | D:2      | Became a worshipper of Ru the Awakened
  2507 | D:4      | Reached skill level 5 in Axes
  2512 | D:4      | Reached XP level 6. HP: 34/55 MP: 5/5
  2682 | D:4      | Reached skill level 5 in Fighting
  2682 | D:4      | Reached skill level 5 in Shields
  2798 | D:4      | Found a staircase to the Ecumenical Temple.
  2810 | D:4      | Reached skill level 5 in Armour
  3431 | D:4      | Reached skill level 6 in Axes
  3454 | D:4      | Reached XP level 7. HP: 60/61 MP: 6/6
  3710 | D:4      | Gained mutation: You cannot study or use magical devices.
                  | [Ru sacrifice]
  3710 | D:4      | Reached * piety under Ru
  3710 | D:4      | Reached ** piety under Ru
  3806 | D:5      | Entered Level 5 of the Dungeon
  4685 | D:5      | Reached skill level 7 in Axes
  5239 | D:6      | Reached XP level 8. HP: 57/70 MP: 7/7
  5472 | D:6      | Reached skill level 8 in Axes
  5584 | D:6      | Gained mutation: You cannot be stealthy. [Ru sacrifice]
  5584 | D:6      | Reached *** piety under Ru
  5761 | D:6      | Found a shattered altar of Ashenzari.
  6039 | D:7      | Noticed Prince Ribbit
  6072 | D:7      | Killed Prince Ribbit
  6072 | D:7      | Reached skill level 9 in Axes
  6330 | D:7      | Reached XP level 9. HP: 58/79 MP: 8/8
  6335 | D:7      | Noticed Harold
  6353 | D:7      | Killed Harold
  6353 | D:7      | Reached skill level 10 in Axes
  6861 | D:7      | Found Lyaseta's Jewellery Boutique.
  7031 | D:8      | Found a shimmering blue altar of Sif Muna.
  7057 | D:8      | Noticed Maurice
  7063 | D:8      | Noticed a wizard
  7070 | D:8      | Noticed an orc sorcerer
  7072 | D:8      | Noticed a hellwing
  7075 | D:8      | Noticed a soul eater
  7367 | D:8      | Reached skill level 11 in Axes
  7419 | D:8      | Noticed an orange demon
  7421 | D:8      | Noticed a rust devil
  7422 | D:8      | Noticed a hellwing
  7425 | D:8      | Paralysed by an orc sorcerer for 2 turns
  7426 | D:8      | Killed from afar by an orc sorcerer

Levels and vault maps discovered:
D:1:      roderic_dead_forest, layout_basic
D:2:      layout_rooms, first_ration, nicolae_ru_sacrificial_ziggurat
D:3:      layout_basic, nicolae_overflow_hidden_temple
D:4:      layout_cave_pods, minmay_temple_entry_from_below_b,
          serial_column_ruins, column_ruins_hut, column_ruins_grid_1,
          column_ruins_open_small, column_ruins_columns_straight,
          column_ruins_open_tiny, column_ruins_open_large,
          minmay_misc_feat_pillars, chequers_serial_rivers_marsh,
          minmay_three_crescents
D:5:      layout_layer_cave
D:6:      layout_loops_cross, evilmike_ruin_ashenzari
D:7:      layout_loops_ring, serial_shops, shop, uniq_prince_ribbit1,
          uniq_harold
D:8:      cheibrodos_wizards_tower, layout_loops_ring, kennysheep_mini_moat,
          basic_altar, uniq_erica, uniq_gastronok, uniq_maurice

Skill      XL: |  1  2  3  4  5  6  7  8  9 |
---------------+----------------------------+-----
Axes           | 3 4 5 6 7 9 11 | 11.0
Armour         | 4 5 6 7 8 |  8.5
Shields        | 4 5 6 7 8 |  8.5
Fighting       | 4 5 6 7 8 |  8.4

Action                   |  1- 3 |  4- 6 |  7- 9 || total
-------------------------+-------+-------+-------++-------
Melee: War axe           |   113 |   157 |   319 ||   589
       Headbutt          |     9 |    30 |    59 ||    98
Invok: Sacrifice Artific |       |       |     1 ||     1
       Sacrifice Stealth |       |       |     1 ||     1
       Draw Out Power    |       |       |     2 ||     2
  Use: Scroll            |       |       |    16 ||    16
 Stab: Invisible         |       |       |     2 ||     2
       Distracted        |       |       |     2 ||     2
  Eat: Chunk             |     1 |     3 |    12 ||    16
       Ration            |       |     1 |     1 ||     2
Armor: Scale mail        |    12 |       |       ||    12
       Chain mail        |    64 |   116 |   183 ||   363
Dodge: Dodged            |    38 |    30 |    72 ||   140
Block: Kite shield       |    67 |    84 |   162 ||   313

Table legend:
 A = Non-vault XP
 B = Vault XP
 C = Vault XP percentage of total XP
 D = Non-vault monster count
 E = Vault monster count
 F = Vault count percentage of total count
                 A         B        C        D         E       F
            +---------+---------+-------+---------+---------+-------
      Total |    3963 |    1353 |  25.5 |     189 |       5 |   2.6
            +---------+---------+-------+---------+---------+-------
        D:1 |      46 |       0 |   0.0 |      29 |       0 |   0.0
        D:2 |     108 |       0 |   0.0 |      25 |       0 |   0.0
        D:3 |     102 |       0 |   0.0 |      22 |       0 |   0.0
        D:4 |     473 |      76 |  13.8 |      31 |       3 |   8.8
        D:5 |     524 |       0 |   0.0 |      29 |       0 |   0.0
        D:6 |     942 |       0 |   0.0 |      25 |       0 |   0.0
        D:7 |     739 |    1277 |  63.3 |      12 |       2 |  14.3
        D:8 |    1029 |       0 |   0.0 |      16 |       0 |   0.0
            +---------+---------+-------+---------+---------+-------
